 Dungeon Crawl Stone Soup version 0.29.1-12-g30fa7ad0bf (webtiles) character file.

Game seed: 5573725143450386342

399 fantasyman the Chopper (level 7, -2/55 HPs)
             Began as a Formicid Fighter on Dec 30, 2022.
             Slain by a gnoll
             ... wielding a +0 spear
              (4 damage)
             ... on level 4 of the Dungeon on Jan 2, 2023.
             The game lasted 00:05:08 (3249 turns).

fantasyman the Chopper (Formicid Fighter)           Turns: 3249, Time: 00:05:09

Health: -2/55      AC:  7    Str: 23      XL:     7   Next: 10%
Magic:  7/7        EV:  9    Int:  5 (7)  God:
Gold:   176        SH:  5    Dex: 13      Spells: 6/6 levels left

rFire   . . .      SeeInvis +   a - +0 war axe
rCold   . . .      Faith    .   c - +0 buckler
rNeg    . . .      Spirit   .   b - +0 scale mail
rPois   .          Reflect  .   (helmet unavailable)
rElec   .          Harm     .   (no cloak)
rCorr   .          Rampage  .   (no gloves)
Will    .....                   (no boots)
Stlth   ..........              (no amulet)
HPRegen 0.18/turn               (no ring)
MPRegen 0.10/turn               (no ring)

@: no status effects
A: permanent stasis, dig shafts and tunnels, antennae 3, four strong arms
a: Dig, Shaft Self


You were on level 4 of the Dungeon.
You visited 1 branch of the dungeon, and saw 4 of its levels.

You collected 176 gold pieces.

Inventory:

Hand Weapons
 a - a +0 war axe (weapon)
Armour
 b - a +0 scale mail (worn)
 c - a +0 buckler (worn)
 l - a +0 chain mail
Jewellery
 j - a ring of magical power
Scrolls
 f - a scroll of poison {unknown}
 g - a scroll of fear
Potions
 d - a potion of might
 e - 3 potions of curing


   Skills:
 + Level 4.5 Fighting
 + Level 5.4 Axes
 + Level 4.7 Armour
 - Level 4.4 Shields


You had 6 spell levels left.
You didn't know any spells.
Your spell library contained the following spells:

 Spells                   Type           Power      Damage    Failure   Level
 Beastly Appendage        Tmut           0%         N/A       85%         1
 Summon Ice Beast         Ice/Summ       0%         N/A       100%        4
 Summon Mana Viper        Hex/Summ       0%         N/A       100%        5
 Monstrous Menagerie      Summ           0%         N/A       100%        7


Dungeon Overview and Level Annotations

Branches:
Dungeon (4/15)
 Temple: D:4-7

Altars:

Shops:
D:3 =


Innate Abilities, Weirdness & Mutations

You cannot be hasted, slowed, berserked, paralysed or teleported.
You can dig through walls and to a lower floor.
You have a pair of large antennae on your head. (SInv)
Your four strong arms can wield two-handed weapons with a shield.


Message History

You slash the gnoll!
You kill the gnoll!
You hit the gnoll.
The gnoll hits you from afar with a +0 spear.
You feel your dexterity returning.
There are monsters nearby!
The gnoll attacks as you move away! You block the gnoll's attack.
There are no items here.
The gnoll hits you with a +0 whip.
You completely miss the gnoll.
The gnoll is moderately wounded.
The gnoll hits you with a +0 flail! You block the gnoll's attack.
The gnoll barely misses you. x2
You closely miss the gnoll.
The gnoll is moderately wounded.
The gnoll hits you with a +0 flail.
The gnoll hits you from afar with a +0 spear.
You slash the gnoll!
You kill the gnoll!
The gnoll hits you from afar with a +0 spear.
You slash the gnoll!
The gnoll is heavily wounded.
The gnoll hits you from afar with a +0 spear.
The gnoll hits you with a +0 whip.
* * * LOW HITPOINT WARNING * * *
You slash the gnoll!
You kill the gnoll!
The gnoll hits you from afar with a +0 spear.
* * * LOW HITPOINT WARNING * * *
You block the gnoll's attack.
The gnoll hits you from afar with a +0 spear.
* * * LOW HITPOINT WARNING * * *
The gnoll hits you with a +0 spear.
* * * LOW HITPOINT WARNING * * *
The gnoll hits you but does no damage. The gnoll barely misses you.
Things that are here:
a +0 whip; a +0 flail; a gnoll corpse You hit the gnoll but do no damage.
You barely miss the gnoll.
The gnoll hits you from afar with a +0 spear.
You die...

#.........#.....
..............♣
#............♣
#.......#....♣
#......)#....♣#
####.##.#.....♣♣♣
.......gg........
♣ ####.###gg....♣♣
. ?. #@###.♣# .♣
## #.###.♣ .♣
#.....♣# ♣.♣#
#.###...♣♣♣...♣♣♣.
#.# ##............
... #)###.####..
### #..<..#
#.###### ..#


You could see 4 gnolls.

Vanquished Creatures
  An ogre (D:4)
  A scorpion (D:4)
  A jelly (D:3)
  An orc priest (D:3)
  An iguana (D:4)
  An orc wizard (D:3)
  5 adders
  3 gnolls (D:4)
  7 orcs
  8 endoplasms
  A giant cockroach (D:2)
  4 goblins
  3 hobgoblins
  6 jackals
  4 ball pythons
  6 bats
  3 frilled lizards
  4 kobolds
  4 rats
64 creatures vanquished.

Vanquished Creatures (others)
  A plant (D:1)
1 creature vanquished.

Grand Total: 65 creatures vanquished

Notes
Turn   | Place    | Note
-------+----------+-------------------------------------------
     0 | D:1      | fantasyman the Formicid Fighter began the quest for the
                  | Orb.
     0 | D:1      | Reached XP level 1. HP: 18/18 MP: 1/1
    55 | D:1      | Reached XP level 2. HP: 24/24 MP: 2/2
   416 | D:1      | Reached XP level 3. HP: 25/29 MP: 3/3
   467 | D:1      | Found a faded altar of an unknown god.
   477 | D:1      | Got Plato's Spellbook of Transmogrification
   985 | D:2      | Reached XP level 4. HP: 37/37 MP: 4/4
  1164 | D:2      | Reached skill level 3 in Axes
  1366 | D:3      | Reached XP level 5. HP: 7/42 MP: 5/5
  1371 | D:3      | HP: 2/42 [orc wizard/puff of flame (6)]
  1373 | D:3      | Reached skill level 4 in Axes
  1954 | D:3      | Found Aseyb's Jewellery Emporium.
  2946 | D:4      | Reached XP level 6. HP: 48/48 MP: 6/6
  2983 | D:4      | Noticed an ogre
  2994 | D:4      | Killed an ogre
  2995 | D:4      | Reached skill level 5 in Axes
  2995 | D:4      | Reached XP level 7. HP: 13/55 MP: 7/7
  3248 | D:4      | HP: 2/55 [gnoll/+0 spear (4)]
  3249 | D:4      | Slain by a gnoll

Illustrated notes

Levels and vault maps discovered:
D:1:      lordsloth_arrival_two_stooges, layout_loops_ring,
          shapermc_ecumenical_altar_rom_forum
D:2:      layout_basic
D:3:      layout_basic, serial_shops, shop, skrybe_limestone_x
D:4:      layout_loops_ring, mainiacjoe_overflow_catwalk_spiral,
          minmay_stone_trees_medium

Skill      XL: |  1  2  3  4  5  6 |
---------------+-------------------+-----
Axes           | 3 4 5 |  5.4
Fighting       | 4 |  4.5
Armour         | 4 |  4.7
Shields        | |  4.4

Action                   |  1- 3 |  4- 6 |  7- 9 || total
-------------------------+-------+-------+-------++-------
Melee: War axe           |    55 |    84 |    11 ||   150
 Abil: Dig               |       |     2 |       ||     2
  Use: Scroll            |     1 |     3 |       ||     4
       Potion            |       |     3 |       ||     3
Armor: Scale mail        |    36 |    51 |     2 ||    89
Dodge: Dodged            |    40 |    48 |     4 ||    92
Block: Buckler           |    16 |    23 |     6 ||    45
